 Dungeon Crawl Stone Soup version 0.29.1-1-gd02db6906a (webtiles) character file.

Game seed: 212276643863872845

111 Powertoast the Sneak (level 4, 0/43 HPs)
             Began as a Naga Warper on Sept 20, 2022.
             Slain by a hound (3 damage)
             ... on level 3 of the Dungeon.
             The game lasted 00:07:36 (3571 turns).

Powertoast the Sneak (Naga Warper)                  Turns: 3571, Time: 00:07:37

Health: 0/43       AC:  2    Str: 13    XL:     4   Next: 92%
Magic:  7/7        EV:  9    Int: 16    God:
Gold:   134        SH:  0    Dex: 10    Spells: 7/7 levels left

rFire   . . .      SeeInvis +   h - +2 short sword (drain)
rCold   . . .      Faith    .   (no shield)
rNeg    . . .      Spirit   .   a - +0 leather armour
rPois   +          Reflect  .   (no helmet)
rElec   .          Harm     .   (no cloak)
rCorr   .          Rampage  .   (no gloves)
Will    .....                   (no barding)
Stlth   ++........              (no amulet)
HPRegen 0.14/turn               (no ring)
MPRegen 0.10/turn               (no ring)

@: short of breath, weak-willed, very slow
A: AC +1, large, see invisible, deformed body, poison resistance, slowness 2,
spit poison 1, naga tail 1
a: Spit Poison


You were on level 3 of the Dungeon.
You visited 1 branch of the dungeon, and saw 3 of its levels.

You collected 134 gold pieces.

Inventory:

Hand Weapons
 d - a +0 broad axe
 h - a +2 short sword of draining (weapon)
Missiles
 c - 6 boomerangs of dispersal
Armour
 a - a +0 leather armour (worn)
Scrolls
 b - 2 scrolls of blinking
 e - 2 scrolls of vulnerability
 f - 2 scrolls of magic mapping {unknown}
 g - 2 scrolls of identify {unknown}
 j - a scroll of acquirement {unknown}
Potions
 k - a potion of cancellation {unknown}
 l - a potion of brilliance {unknown}


   Skills:
 + Level 3.6 Fighting
 - Level 0.8 Throwing
 - Level 0.7 Armour
 - Level 1.5 Dodging
 - Level 5.0 Stealth
 - Level 2.0 Unarmed Combat
 - Level 2.0 Spellcasting
 - Level 3.0 Translocations


You had 7 spell levels left.
You didn't know any spells.
Your spell library contained the following spells:

 Spells                   Type           Power      Damage    Failure   Level
 Blink                    Tloc           22%        N/A       12%         2
 Gell's Gravitas          Tloc           11%        N/A       22%         3
 Lesser Beckoning         Tloc           11%        N/A       22%         3
 Teleport Other           Tloc           11%        N/A       22%         3
 Manifold Assault         Tloc           11%        N/A       91%         5


Dungeon Overview and Level Annotations

Branches:
Dungeon (3/15)

Altars:


Innate Abilities, Weirdness & Mutations

Your serpentine skin is tough. (AC +1)
You have supernaturally acute eyesight. (SInv)
Armour fits poorly on your strangely shaped body.
Your system is resistant to poisons. (rPois)
You cover ground very slowly.
You can spit poison.
You have a snake-like lower body.


Message History

The hound barely misses you. The hound bites you.
You are too injured to fight recklessly!
Aiming: Spit Poison (1% risk of failure)
Press: ? - help, Shift-Dir - straight line, f/p - hound
Aim: a hound (moderately wounded, 45% to hit)
The splash of poison misses the hound.
The hound bites you.
You miss the hound.
The hound is moderately wounded.
The hound bites you. x2
You closely miss the hound.
The hound is moderately wounded.
The hound bites you.
* * * LOW HITPOINT WARNING * * *
The hound barely misses you.
Unknown command.
You feel better. The hound bites you but does no damage.
You can't do that yet.
Unknown command.
You barely miss the hound.
The hound is moderately wounded.
The hound bites you.
* * * LOW HITPOINT WARNING * * *
The hound bites you.
* * * LOW HITPOINT WARNING * * *
You barely miss the hound.
The hound is moderately wounded.
The hound barely misses you. The hound bites you.
* * * LOW HITPOINT WARNING * * *
Okay, then.
As you read the scroll labelled PAFFYUDWAU, it crumbles to dust.
Magic quickly surges around you.
It was a scroll of vulnerability.
You have got your breath back.
The hound barely misses you.
Aiming: Spit Poison (1% risk of failure)
Press: ? - help, Shift-Dir - straight line, f/p - hound
Aim: a hound (moderately wounded, weak-willed, 45% to hit)
The splash of poison hits the hound!
The hound is poisoned.
The hound is almost dead.
The hound barely misses you. The hound bites you.
You die...

#......# #.) ####.###
..###### #####'# #..#
##......# #...[..
##.## ......!.#
#.8..8) #..###
.......# #....÷o #
##...# .......#
##'##'# ##.#####.##
#......# ##..#.
..........###......#.
##...##
.............@h......
#...##
.........#.##.......#
#..##
##########.##........
#'## #.....#..... #.
#####.#..... #. .#
...# #) .# ..# #o ..
..# #. . ..


You could see a hound (poisoned, weak-willed).

Vanquished Creatures
  4 adders
  2 worms
  3 dart slugs
  2 orcs (D:3)
  2 endoplasms
  A giant cockroach (D:3)
  11 hobgoblins
  7 jackals
  2 quokkas (D:3)
  6 ball pythons
  4 bats
  3 frilled lizards
  6 kobolds
  6 rats
59 creatures vanquished.

Notes
Turn   | Place    | Note
-------+----------+-------------------------------------------
     0 | D:1      | Powertoast the Naga Warper began the quest for the Orb.
     0 | D:1      | Reached XP level 1. HP: 19/19 MP: 3/3
    44 | D:1      | Reached skill level 1 in Stealth
   206 | D:1      | Reached skill level 2 in Stealth
   206 | D:1      | Reached XP level 2. HP: 10/26 MP: 5/5
   482 | D:1      | Found a faded altar of an unknown god.
   995 | D:2      | Reached skill level 3 in Stealth
  1394 | D:2      | Reached XP level 3. HP: 30/30 MP: 6/6
  1606 | D:2      | Reached skill level 4 in Stealth
  2465 | D:3      | Reached XP level 4. HP: 40/40 MP: 7/7
  2607 | D:3      | Reached skill level 5 in Stealth
  3571 | D:3      | Slain by a hound

Illustrated notes

Levels and vault maps discovered:
D:1:      amcnicky_arrival_flooded_fountain, layout_basic,
          shapermc_ecumenical_altar_mp_highgroup, minmay_misc_feat_columns
D:2:      layout_loops_cross, serial_co_window_serial, co_window_corner_a,
          co_window_corner_a, co_window_paths_a, co_window_paths_b,
          co_window_corner_a, co_window_2corner, co_window_of_opportunity_c,
          co_window_broadway_c, co_window_unsneaky_path_e, co_window_corner_cb,
          co_window_paths_c, co_window_4corner_a, co_window_paths_d,
          glass_columns_c, glass_columns_b, glass_columns_c, glass_columns_a
D:3:      minmay_chambers_of_threes, layout_basic

Skill      XL: |  1  2  3  4 |
---------------+-------------+-----
Stealth        | 2 3 4 5 |  5.0
Fighting       | 3 |  3.6
Throwing       | |  0.8
Armour         | |  0.7
Dodging        | |  1.5
Unarmed Combat | |  2.0
Spellcasting   | |  2.0
Translocations | |  3.0

Action                   |  1- 3 |  4- 6 || total
-------------------------+-------+-------++-------
Melee: Unarmed           |    28 |       ||    28
       Short sword       |    29 |    82 ||   111
       Punch             |       |     1 ||     1
Throw: Boomerang         |     1 |       ||     1
 Abil: Spit Poison       |    40 |    25 ||    65
  Use: Potion            |     1 |     1 ||     2
       Scroll            |       |     1 ||     1
 Stab: Sleeping          |     2 |       ||     2
Armor: Leather armour    |     9 |    19 ||    28
Dodge: Dodged            |    36 |    56 ||    92
